 Dungeon Crawl Stone Soup version 0.30-a0-374-g95c0257040 (webtiles) character file.

Game seed: 8149263961812390953

53 flotson the Sneak (level 3, -5/29 HPs)
             Began as a Demonspawn Delver on Nov 25, 2022.
             Slain by a water moccasin (8 damage)
             ... in a sewer.
             The game lasted 00:03:41 (777 turns).

flotson the Sneak (Demonspawn Delver)                Turns: 777, Time: 00:03:42

Health: -5/29      AC:  7    Str: 14    XL:     3   Next: 64%
Magic:  3/3        EV: 12    Int: 11    God:
Gold:   40         SH:  0    Dex: 14    Spells: 2/2 levels left

rFire   . . .      SeeInvis .    b - +1 hand axe (flame)
rCold   . . .      Faith    .    (no shield)
rNeg    . . .      Spirit   .    h - +3 leather armour
rPois   .          Reflect  .    (no helmet)
rElec   .          Harm     .    (no cloak)
rCorr   .          Rampage  .    (no gloves)
Will    .....                    d - +0 pair of boots
Stlth   +.........               (no amulet)
HPRegen 0.24/turn                (no ring)
MPRegen 0.08/turn                (no ring)

@: confused, lethally poisoned (-5 -> -25), ambrosia-drunk, attractive, hasted,
very quick
A: condensation shield
a: no special abilities


You were in a sewer.
You visited 1 branch of the dungeon, and saw 3 of its levels.
You also visited: Sewer.

You collected 40 gold pieces.

Inventory:

Hand Weapons
 a - a +0 spear
 b - a +1 hand axe of flaming (weapon)
Armour
 d - a +0 pair of boots (worn)
 h - a +3 leather armour (worn)
Wands
 g - a wand of digging (3)
Scrolls
 c - a scroll of fog
 e - a scroll of fear


   Skills:
 + Level 3.4 Fighting
 - Level 1.7 Polearms
 + Level 1.2 Armour
 + Level 2.3 Dodging
 - Level 4.5 Stealth
 + Level 1.5 Evocations


You had 2 spell levels left.
You didn't know any spells.
Your spell library was empty.

Dungeon Overview and Level Annotations

Branches:
Dungeon (5/15)              Sewer (1/1)
 Temple: D:4-7

Altars:
Makhleb
Trog


Innate Abilities, Weirdness & Mutations

A meltable shield of frost defends you. (SH +4)


Message History

You are poisoned.
The water moccasin poisons you!
You hit the water moccasin. You burn the water moccasin.
The water moccasin is lightly wounded.
You feel very sick. The water moccasin bites you!
You are lethally poisoned!
The water moccasin poisons you! The water moccasin closely misses you.
You closely miss the water moccasin.
The water moccasin is lightly wounded.
* * * LOW HITPOINT WARNING * * *
You feel very sick. You block the water moccasin's attack.
It was a potion of ambrosia.
You are confused.
You feel invigorated.
* * * LOW HITPOINT WARNING * * *
You feel very sick. The water moccasin closely misses you.
It was a potion of attraction.
You feel attractive to monsters.
You feel sick. The water moccasin bites you.
* * * LOW HITPOINT WARNING * * *
You hit the water moccasin. You burn the water moccasin.
The water moccasin is moderately wounded.
* * * LOW HITPOINT WARNING * * *
You feel sick. The water moccasin closely misses you.
You barely miss the water moccasin.
The water moccasin is moderately wounded.
* * * LOW HITPOINT WARNING * * *
You feel sick. The water moccasin misses you.
You bump into the stone wall.
You feel sick. The water moccasin bites you.
* * * LOW HITPOINT WARNING * * *
You are more poisoned.
The water moccasin poisons you!
You bump into the stone wall.
* * * LOW HITPOINT WARNING * * *
You feel very sick. The water moccasin bites you!
You die...

#.# #.# #######
#.# ##.....## #.#
#...≈...## #.#
...≈≈≈...#######.#
∩.≈≈≈≈≈..........#
...≈≈≈...#######.#
#...≈.†.## #@#
##...†.## #S#
####### #.# ...
... ..... .....
.......


You could see a water moccasin.

Vanquished Creatures
  3 adders
  A white imp (D:5)
  6 orcs (D:5)
  2 goblins
  A quokka (D:5)
  3 bats (Sewer)
16 creatures vanquished.

Notes
Turn   | Place    | Note
-------+----------+-------------------------------------------
     0 | D:5      | flotson the Demonspawn Delver began the quest for the Orb.
     0 | D:5      | Reached XP level 1. HP: 18/18 MP: 1/1
   189 | D:5      | Gained mutation: A meltable shield of frost defends you.
                  | (SH +4) [demonic ancestry]
   189 | D:5      | Reached XP level 2. HP: 8/24 MP: 2/2
   266 | D:5      | Noticed a necrophage
   297 | D:5      | Reached skill level 1 in Evocations
   356 | D:5      | Found a burning altar of Makhleb.
   463 | D:5      | Reached skill level 1 in Armour
   543 | D:5      | Reached XP level 3. HP: 29/29 MP: 3/3
   553 | D:5      | Found a bloodstained altar of Trog.
   718 | D:3      | Found a glowing drain.
   727 | Sewer    | Entered a sewer
   750 | Sewer    | Noticed a water moccasin
   777 | Sewer    | Slain by a water moccasin

Illustrated notes

Levels and vault maps discovered:
D:3:      layout_loops_ring, portal_sewer_entry_d,
          hellmonk_ecumenical_altar_leap_of_faith, grunt_decor_arrowhead,
          hangedman_decor_clover_reticule
D:4:      layout_cave_pools
D:5:      layout_gridville, mainiacjoe_overflow_alcove_2,
          gammafunk_temple_overflow_pools, nrook_pool_corridor
Sewer:    sewer_big_baddie

Skill      XL: |  1  2 |
---------------+-------+-----
Dodging        | 2 |  2.3
Evocations     | 1 |  1.5
Armour         | 1 |  1.2
Fighting       | |  3.4
Polearms       | |  1.7
Stealth        | |  4.5

Action                   || total
-------------------------++-------
Melee: Spear             ||    74
       Punch             ||     2
       Hand axe          ||    19
  Use: Potion            ||     4
       Scroll            ||     1
 Stab: Sleeping          ||     1
Armor: Leather armour    ||    28
Dodge: Dodged            ||    42
Block: Other             ||     7

Table legend: (Time is in decaauts)
 A = Elapsed time spent in this place.
 B = Non-inter-level travel time spent in this place.
 C = Inter-level travel time spent in this place.
 D = Time resting spent in this place.
 E = Time spent auto-exploring this place.
 F = Levels seen in this place.
 G = Mean time per level.
                   A        B        C        D        E       F      G
               +--------+--------+--------+--------+--------+-----+--------+
         Total |    780 |    760 |     20 |     68 |    387 |   4 |  195.0 |
       Dungeon |    733 |    713 |     20 |     68 |    378 |   3 |  244.3 |
         Sewer |     47 |     47 |      0 |      0 |      9 |   1 |   47.0 |
               +--------+--------+--------+--------+--------+-----+--------+

Top non-repeatable levels by time:
     D:5: 662 daAuts
     D:3: 58 daAuts
   Sewer: 47 daAuts
     D:4: 11 daAuts
